 Dungeon Crawl Stone Soup version 0.24-a0-447-ge8da9206dc (webtiles) character file.

Game seed: 1607936857635193551

731 Gargoyl the Covered (level 7, -2/59 HPs)
             Began as a Centaur Abyssal Knight on June 25, 2019.
             Was a Priest of Lugonu.
             Slain by a hound (4 damage)
             ... on level 5 of the Dungeon.
             The game lasted 00:09:47 (5722 turns).

Gargoyl the Covered (Centaur Abyssal Knight)        Turns: 5722, Time: 00:09:48

Health: -2/59      AC: 10    Str: 15    XL:     7   Next: 45%
Magic:  9/9        EV: 17    Int: 11    God:    Lugonu [***...]
Gold:   274        SH:  3    Dex: 10    Spells: 6/6 levels left

rFire    . . .     SeeInvis .   a - +3 hand axe
rCold    . . .     Gourm    .   i - +0 buckler
rNeg     . . .     Faith    .   d - +1 plate armour
rPois    .         Spirit   .   (no helmet)
rElec    .         Reflect  .   (no cloak)
rCorr    +         Harm     .   (no gloves)
MR       .....                  (no barding)
Stlth    ..........             m - amulet of the acrobat
HPRegen  0.19/turn              j - ring of resist corrosion
MPRegen  0.11/turn              (no ring)

@: lethally poisoned (-2 -> -3), acrobat, very quick
A: large, hooves 3, deformed body, speed 2, tough skin 3
a: Depart the Abyss, Bend Space, Banish, Renounce Religion


You were on level 5 of the Dungeon.
You worshipped Lugonu.
Lugonu was most pleased with you.
You were hungry.

You visited 1 branch of the dungeon, and saw 5 of its levels.
You visited the Abyss 1 time.

You collected 274 gold pieces.

Inventory:

Hand Weapons
 a - a +3 hand axe (weapon)
Armour
 d - a +1 plate armour (worn)
 i - a +0 buckler (worn)
Jewellery
 j - a ring of resist corrosion (left hand)
 m - an amulet of the acrobat (around neck)
Wands
 f - a wand of acid (13)
 p - a wand of iceblast (10)
Scrolls
 g - 3 scrolls of remove curse
 h - 3 scrolls of identify
 o - 2 scrolls of amnesia
Potions
 b - a potion of might
 e - 2 potions of lignification {unknown}
 k - 2 potions of curing
 l - a potion of flight {unknown}
 n - a potion of haste
Comestibles
 c - 8 rations


   Skills:
 + Level 4.0 Fighting
 + Level 3.7 Axes
 * Level 4.3 Armour
 * Level 2.2 Dodging
 + Level 0.2 Shields
 * Level 3.3 Invocations


You had 6 spell levels left.
You didn't know any spells.
Your spell library was empty.

Dungeon Overview and Level Annotations

Branches:
Dungeon (5/15)
 Temple: D:4-7

Altars:
Elyvilon


Innate Abilities, Weirdness & Mutations

You have hooves in place of feet.
Armour fits poorly on your strangely shaped body.
You cover ground very quickly.
You have extremely tough skin. (AC +3)


Message History

You feel sick.
You now have 274 gold pieces (gained 24).
Things that are here:
a +0 shortbow; 24 arrows; a centaur corpse
* * * LOW HITPOINT WARNING * * *
You feel sick.
You start resting.
A hound comes into view.
A hound is nearby!
* * * LOW HITPOINT WARNING * * *
You feel sick.
The hound barks!
You hear a shout!
* * * LOW HITPOINT WARNING * * *
You feel sick.
* * * LOW HITPOINT WARNING * * *
You feel sick.
You see here a ring mail.
* * * LOW HITPOINT WARNING * * *
You feel sick. The hound bites you.
You die...

#......#
##########...†..#
###...............#
#...##...###...).)######.
#.#.......##.[...........
#..>##...#####.#####.....
##..###.## #...####.###.
#..###.## #........#
#..##..@####....###.#
#..##.#.h[..........
#..##...####.##.####
#..#########.# .#
#...<......#.# .#
#=########.#.# .# #.#
#>#.# ##.## #.#.. ##...#
#.###


You could see a hound.

Vanquished Creatures
  A sky beast (D:5)
  An ogre (D:4)
  A centaur (D:5)
  An orc wizard (D:4)
  An orc priest (D:4)
  A centaur skeleton (D:5)
  An iguana (D:4)
  5 worker ants
  A hound zombie (D:5)
  5 gnolls
  9 adders
  4 worms
  A dart slug (D:4)
  A leopard gecko (D:3)
  6 orcs
  3 giant cockroaches
  10 goblins
  4 hobgoblins
  5 jackals (D:4)
  7 kobolds
  2 quokkas (D:3)
  12 bats
  3 frilled lizards
  A leopard gecko skeleton (D:4)
  A quokka skeleton (D:4)
  10 rats
97 creatures vanquished.

Notes
Turn   | Place    | Note
-------+----------+-------------------------------------------
     0 | Abyss:1  | Gargoyl the Centaur Abyssal Knight began the quest for the
                  | Orb.
     0 | Abyss:1  | Reached XP level 1. HP: 19/19 MP: 2/2
    10 | Abyss:1  | Found a corrupted altar of Lugonu.
    34 | Abyss:2  | Noticed a hell hound
    39 | D:1      | Escaped the Abyss
   178 | D:1      | Reached * piety under Lugonu
   273 | D:1      | Reached XP level 2. HP: 19/26 MP: 3/3
   593 | D:1      | Reached skill level 1 in Dodging
   593 | D:1      | Reached XP level 3. HP: 14/31 MP: 4/4
   903 | D:2      | You fall into a shaft and drop 2 floors!
  1138 | D:4      | Reached XP level 4. HP: 13/38 MP: 5/5
  1929 | D:2      | Reached XP level 5. HP: 25/45 MP: 6/6
  2657 | D:2      | Reached ** piety under Lugonu
  3795 | D:3      | Reached XP level 6. HP: 50/52 MP: 8/8
  4447 | D:4      | HP: 2/52 [something/puff of flame (8)]
  4835 | D:4      | Found a white marble altar of Elyvilon.
  5197 | D:5      | Entered Level 5 of the Dungeon
  5197 | D:5      | Noticed a sky beast
  5219 | D:5      | HP: 1/52 [something (5)]
  5224 | D:5      | Killed a sky beast
  5224 | D:5      | Reached *** piety under Lugonu
  5224 | D:5      | Reached XP level 7. HP: 2/58 MP: 9/9
  5717 | D:5      | HP: 2/59 [poisoned by a worker ant]
  5722 | D:5      | HP: 2/59 [poisoned by a worker ant]
  5722 | D:5      | Slain by a hound

Levels and vault maps discovered:
D:1:      tarquinn_simple_flora_water_a, layout_rooms, serial_glass,
          glass_columns_c, glass_columns_a, st_stairs_3
D:2:      layout_basic
D:3:      layout_basic
D:4:      layout_gridville, first_ration, elyvilon_altar_5
D:5:      layout_loops_ring, lemuel_zombie_altar_yredelemnul,
          gammafunk_temple_overflow_forgotten, minmay_temple_entry_nine_rooms,
          grunt_ministairs_2

Skill      XL: |  1  2  3  4  5  6  7 |
---------------+----------------------+-----
Axes           | 2 3 |  3.7
Dodging        | 1 2 |  2.2
Armour         | 2 3 4 |  4.3
Invocations    | 3 |  3.3
Fighting       | 4 |  4.0
Shields        | |  0.2

Action                   |  1- 3 |  4- 6 |  7- 9 || total
-------------------------+-------+-------+-------++-------
Melee: Hand axe          |    82 |   213 |    36 ||   331
       Kick              |    10 |    37 |    10 ||    57
Invok: Depart the Abyss  |     1 |       |       ||     1
  Use: Scroll            |     5 |     4 |       ||     9
       Potion            |     4 |     2 |       ||     6
  Eat: Chunk             |       |     9 |       ||     9
       Ration            |       |     1 |       ||     1
Armor: Plate armour      |   101 |   205 |    31 ||   337
Dodge: Dodged            |    10 |    22 |     5 ||    37
Block: Buckler           |       |    26 |     2 ||    28

Table legend:
 A = Non-vault XP
 B = Vault XP
 C = Vault XP percentage of total XP
 D = Non-vault monster count
 E = Vault monster count
 F = Vault count percentage of total count
                 A         B        C        D         E       F
            +---------+---------+-------+---------+---------+-------
      Total |     912 |     133 |  12.7 |      94 |       3 |   3.1
            +---------+---------+-------+---------+---------+-------
        D:1 |      39 |       4 |   9.3 |      17 |       2 |  10.5
        D:2 |      87 |       0 |   0.0 |      22 |       0 |   0.0
        D:3 |     162 |       0 |   0.0 |      30 |       0 |   0.0
        D:4 |     409 |       0 |   0.0 |      20 |       0 |   0.0
        D:5 |     215 |     129 |  37.5 |       5 |       1 |  16.7
            +---------+---------+-------+---------+---------+-------
